 Dungeon Crawl Stone Soup version 0.22-a0-268-g1cc83ef (webtiles) character file.

3274 RoseArtemis the Cleaver (level 9, -1/82 HPs)
             Began as a Minotaur Fighter on Mar 9, 2018.
             Was a Priest of Okawaru.
             Killed by nerve-wracking pain
             ... invoked by a shadow imp
              (7 damage)
             ... on level 8 of the Dungeon.
             The game lasted 00:14:14 (7706 turns).

RoseArtemis the Cleaver (Minotaur Fighter)          Turns: 7706, Time: 00:14:14

Health: -1/82      AC: 15    Str: 20 (22) XL:     9   Next: 68%
Magic:  11/11      EV:  5    Int:  3 (5)  God:    Okawaru [***...]
Gold:   330        SH:  9    Dex:  9 (12) Spells: 8/8 levels left

rFire    . . .     SeeInvis .   h - +2 hand axe (elec)
rCold    . . .     Gourm    .   c - +0 shield
rNeg     . . .     Faith    .   k - +3 chain mail {MR+}
rPois    .         Spirit   .   (helmet restricted)
rElec    .         Reflect  .   (no cloak)
rCorr    +         Harm     .   (no gloves)
MR       +....                  d - +0 pair of boots
Stlth    ..........             (no amulet)
HPRegen  0.23/turn              r - ring of stealth
MPRegen  0.12/turn              s - ring of resist corrosion

@: no status effects
A: retaliatory headbutt, horns 2
a: Heroism, Renounce Religion


You were on level 8 of the Dungeon.
You worshipped Okawaru.
Okawaru was most pleased with you.
You were not hungry.

You visited 2 branches of the dungeon, and saw 9 of its levels.

You collected 330 gold pieces.

Inventory:

Hand Weapons
 h - a +2 hand axe of electrocution (weapon)
Armour
 c - a +0 shield (worn)
 d - a +0 pair of boots (worn)
 k - a +3 chain mail of magic resistance (worn)
 x - a +0 plate armour
Jewellery
 n - an uncursed amulet of magic regeneration {unknown}
 r - a ring of stealth (left hand)
 s - a ring of resist corrosion (right hand)
Wands
 a - a wand of acid (8)
 y - a wand of polymorph (20)
Scrolls
 g - a scroll of immolation {unknown}
 i - 4 scrolls of magic mapping
 m - 10 scrolls of teleportation
 p - 3 scrolls of remove curse
 v - a scroll of vulnerability {unknown}
 w - a scroll of enchant armour {unknown}
 A - a scroll of silence {unknown}
Potions
 b - 2 potions of heal wounds {unknown}
 e - a potion of mutation {unknown}
 j - a potion of agility {unknown}
 l - 2 potions of cancellation {unknown}
 q - a potion of curing {unknown}
 t - a potion of invisibility {unknown}
 u - a potion of might
Comestibles
 f - 9 rations
 z - 2 chunks of flesh


   Skills:
 + Level 8.7 Fighting
 * Level 11.1 Axes
 + Level 8.6 Armour
 - Level 3.6 Shields
 - Level 4.0 Invocations


You had 8 spell levels left.
You didn't know any spells.

Dungeon Overview and Level Annotations

Branches:
Dungeon (8/15)             Temple (1/1) D:4
   Lair: D:8-11

Altars:
Ashenzari
Cheibriados
Dithmenos
Elyvilon
Fedhas
Gozag
Hepliaklqana
Kikubaaqudgha
Makhleb
Nemelex Xobeh
Okawaru
Qazlal
Ru
Sif Muna
Trog
Uskayaw
Vehumet
Wu Jian
Xom
Yredelemnul
Zin
The Shining One

Annotations:
D:2 1 runed door


Innate Abilities, Weirdness & Mutations

You reflexively headbutt those who attack you in melee.
You have a pair of horns on your head.


Message History

You hit the orc priest but do no damage.
You headbutt the orc priest, but do no damage.
You block the orc warrior's attack.
The orc priest hits you but does no damage.
The orc warrior hits you from afar with a halberd!
The orc warrior hits you from afar with a halberd!!
* * * LOW HITPOINT WARNING * * *
You see here a fizzy grey potion.
The orc priest calls down the wrath of Beogh upon you.
Beogh smites you!
* * * LOW HITPOINT WARNING * * *
It was a potion of degeneration.
There was something very wrong with that liquid.
You feel weakened.
You feel dopey.
You feel clumsy.
Drop what? 27/52 slots (_ for help) (? for menu, Esc to quit)
You drop 3 potions of degeneration.
You block the orc priest's attack.
An orc opens the door.
The shadow imp gestures at you. Pain shoots through your body!
You die...

P≈≈≈≈P≈†≈..♣≈..
♣≈.......
♣♣♣♣♣♣♣..#.....
#..♣≈≈.!.#.....
#......oo#. .
#####...)..HS'
...........o.#
.......##..o5#
....... #..@.#
###
###########.##
..#
#......######.#
#..........##.#
#..........##.#
#..........##<#
#............##
##.....#'###.#
#.#####.#.#.#


You could see a hippogriff, an orc warrior, 2 orc priests, an adder, a shadow
imp and an orc.

Vanquished Creatures
  Pikel (D:4)
  Sigmund (D:3)
  A water moccasin (D:7)
  The ghost of Fingolfin the Gusty, an amateur TeAE (D:4)
  Duvessa (D:5)
  A slave (D:4)
  2 sky beasts (D:7)
  An ice beast (D:7)
  2 orc warriors
  A phantom (D:7)
  3 centaurs
  2 ogres (D:5)
  3 bullfrogs (D:7)
  A wyvern skeleton (D:7)
  Dowan (D:5)
  2 scorpions
  3 wights (D:7)
  2 crimson imps (D:7)
  A centaur zombie (D:7)
  3 hounds
  4 orc priests
  A jelly (D:8)
  9 orc wizards
  An iguana (D:5)
  Natasha (twice) (D:3)
  Terence (D:2)
  A hound skeleton (D:5)
  A worker ant zombie (D:8)
  A howler monkey skeleton (D:4)
  9 adders
  2 shadow imps
  An ooze (D:1)
  An adder skeleton (D:7)
  3 worms
  A dart slug (D:1)
  5 leopard geckos
  29 orcs
  10 bats
  4 giant cockroaches
  3 goblins
  11 hobgoblins
  7 jackals
  4 quokkas
  2 ball pythons
  2 frilled lizards
  A jackal zombie (D:5)
  10 kobolds
  A leopard gecko skeleton (D:6)
  2 leopard gecko zombies (D:7)
  A quokka skeleton (D:6)
  11 rats
174 creatures vanquished.

Vanquished Creatures (others)
  A slave (D:4)
1 creature vanquished.

Grand Total: 175 creatures vanquished

Notes
Turn   | Place    | Note
-------+----------+-------------------------------------------
     0 | D:1      | RoseArtemis the Minotaur Fighter began the quest for the Orb.
     0 | D:1      | Reached XP level 1. HP: 19/19 MP: 0/0
   279 | D:1      | Reached XP level 2. HP: 17/27 MP: 1/1
   401 | D:1      | Reached skill level 3 in Axes
   959 | D:2      | Reached XP level 3. HP: 22/33 MP: 2/2
  1477 | D:2      | Reached skill level 4 in Axes
  1549 | D:2      | Reached XP level 4. HP: 40/40 MP: 3/3
  1614 | D:2      | Found a runed door.
  1781 | D:2      | Noticed Terence
  1793 | D:2      | Killed Terence
  2008 | D:3      | Noticed Natasha
  2013 | D:3      | Killed Natasha
  2233 | D:3      | Noticed Natasha
  2238 | D:3      | Killed Natasha
  2238 | D:3      | Reached XP level 5. HP: 41/47 MP: 4/4
  2379 | D:3      | Reached skill level 5 in Axes
  2531 | D:3      | Found a faded altar of an unknown god.
  2672 | D:3      | Noticed Sigmund
  2700 | D:3      | Killed Sigmund
  2700 | D:3      | Reached skill level 5 in Fighting
  2700 | D:3      | Reached skill level 5 in Armour
  2700 | D:3      | Reached XP level 6. HP: 15/56 MP: 5/5
  3175 | D:4      | Reached skill level 6 in Axes
  3195 | D:4      | Found a staircase to the Ecumenical Temple.
  3252 | Temple   | Entered the Ecumenical Temple
  3434 | Temple   | Became a worshipper of Warmaster Okawaru
  3595 | D:4      | Noticed a slave
  3595 | D:4      | Noticed a slave
  3595 | D:4      | Noticed a slave
  3596 | D:4      | Noticed Pikel
  3597 | D:4      | Noticed a slave
  3607 | D:4      | Killed a slave
  3608 | D:4      | Killed Pikel
  3608 | D:4      | Reached * piety under Okawaru
  3608 | D:4      | Reached skill level 7 in Axes
  3608 | D:4      | Reached XP level 7. HP: 18/63 MP: 5/7
  4032 | D:4      | Found a sparkling altar of Nemelex Xobeh.
  4146 | D:4      | Noticed Fingolfin's ghost (amateur TeAE)
  4160 | D:4      | Killed Fingolfin's ghost
  4571 | D:5      | Entered Level 5 of the Dungeon
  4752 | D:5      | Reached XP level 8. HP: 71/71 MP: 7/9
  4761 | D:5      | Reached skill level 8 in Axes
  4986 | D:5      | Reached ** piety under Okawaru
  5123 | D:5      | Noticed Duvessa
  5123 | D:5      | Noticed Dowan
  5135 | D:5      | Killed Dowan
  5136 | D:5      | Killed Duvessa
  5529 | D:5      | Reached skill level 9 in Axes
  6756 | D:7      | Reached XP level 9. HP: 79/79 MP: 11/11
  6802 | D:7      | Reached skill level 10 in Axes
  6983 | D:7      | Reached *** piety under Okawaru
  7128 | D:7      | Found a burning altar of Makhleb.
  7491 | D:7      | Reached skill level 11 in Axes
  7706 | D:8      | Killed from afar by a shadow imp

Vault maps used:
D:1:      mrwooster_arrival_statue, grunt_decor_arrowhead, minmay_heptomino_d4
D:2:      first_ration, uniq_terence, uniq_crazy_yiuf_cottage
D:3:      chequers_ecumenical_altar_twisty, hangedman_decor_peaks_small,
          minmay_distorted, uniq_natasha, uniq_sigmund
D:4:      nemelex_xobeh_ov_fountains_minmay, temple_pool_b,
          kennysheep_nondescript, hangedman_decor_push, abandoned_shop,
          uniq_pikel
D:5:      kennysheep_generic_room_10, uniq_duvessa
D:6:      minmay_misc_feat_hallway
D:7:      basic_altar, minmay_crystal_room
D:8:      serial_bayou, serial_bayou_shore_b, serial_bayou_lagoon_b,
          serial_bayou_crossing, serial_bayou_lagoon_a, worms_lemuel
Temple:   nicolae_temple_the_god_donut

Skill      XL: |  1  2  3  4  5  6  7  8  9 |
---------------+----------------------------+-----
Axes           | 3 4 5 7 9 11 | 11.1
Fighting       | 4 5 6 7 8 |  8.7
Armour         | 4 5 6 7 8 |  8.6
Invocations    | 2 4 |  4.0
Shields        | |  3.6

Action                   |  1- 3 |  4- 6 |  7- 9 || total
-------------------------+-------+-------+-------++-------
Melee: War axe           |    95 |    12 |       ||   107
       Headbutt          |    15 |    13 |    51 ||    79
       Hand axe          |       |    78 |   257 ||   335
  Use: Scroll            |     1 |     8 |     4 ||    13
       Potion            |       |     1 |     1 ||     2
  Eat: Chunk             |     2 |     5 |    11 ||    18
       Ration            |       |       |     1 ||     1
Armor: Scale mail        |    36 |     2 |       ||    38
       Chain mail        |       |    35 |    58 ||    93
       Plate armour      |       |       |    30 ||    30
Dodge: Dodged            |    36 |    16 |    42 ||    94
Block: Shield            |    38 |    27 |    76 ||   141

Table legend:
 A = Spawn XP
 B = Non-spawn XP
 C = Spawn XP percentage of total XP
 D = Spawn monster count
 E = Non-spawn monster count
 F = Spawn count percentage of total count
 G = Total turns spent on level
                    A         B        C        D         E        F      G
               +---------+---------+-------+---------+---------+-------+---------
         Total |       0 |    4678 |   0.0 |       0 |     173 |   0.0 |  7706
               +---------+---------+-------+---------+---------+-------+---------
           D:1 |       0 |      33 |   0.0 |       0 |      18 |   0.0 |   921
           D:2 |       0 |      97 |   0.0 |       0 |      32 |   0.0 |  1080
           D:3 |       0 |     334 |   0.0 |       0 |      17 |   0.0 |  1165
           D:4 |       0 |     886 |   0.0 |       0 |      15 |   0.0 |  1209
           D:5 |       0 |     888 |   0.0 |       0 |      30 |   0.0 |  1218
           D:6 |       0 |     466 |   0.0 |       0 |      15 |   0.0 |   934
           D:7 |       0 |    1846 |   0.0 |       0 |      41 |   0.0 |   890
           D:8 |       0 |     128 |   0.0 |       0 |       5 |   0.0 |    93
               +---------+---------+-------+---------+---------+-------+---------
